 Dungeon Crawl Stone Soup version 0.31-a0-229-g1fc7ce93e2 (webtiles) character file.

Game seed: 17411675028034894030

113 qw the Shooter (level 4, -2/26 HPs)
             Began as a Gargoyle Hexslinger on July 6, 2023.
             Slain by a sleepcap (3 damage)
             ... on level 3 of the Dungeon.
             The game lasted 00:00:52 (1655 turns).

qw the Shooter (Gargoyle Hexslinger)                Turns: 1655, Time: 00:00:52

Health: -2/26      AC:  6    Str: 12    XL:     4   Next: 96%
Magic:  5/5        EV: 17    Int: 13    God:
Gold:   85         SH:  0    Dex: 14    Spells: 4/5 levels left

rFire   . . .        Y - +1 sling
rCold   . . .        (no shield)
rNeg    + . .        c - +0 robe
rPois   inf          (no helmet)
rElec   +            (no cloak)
rCorr   .            i - +0 pair of gloves
SInv    .            (no boots)
Will    .....        (no amulet)
Stlth   +            e - +5 ring of evasion
HPRegen 0.24/turn    (no ring)
MPRegen 0.09/turn

%: no passive effects
@: no status effects
A: sickness immunity, AC +3, negative energy resistance 1, electricity
resistance, torment resistance 1, petrification resistance
a: no special abilities


You were on level 3 of the Dungeon.
You visited 1 branch of the dungeon, and saw 3 of its levels.

You collected 127 gold pieces.
You spent 42 gold pieces at shops.


Innate Abilities, Weirdness & Mutations

You are immune to sickness and miasma.
Your stone body is resilient. (AC +3)
You are immune to poison.
You resist negative energy. (rN+)
You are resistant to electric shocks. (rElec)
You are resistant to unholy torment.
You are immune to petrification.


   Skills:
 - Level 2.0 Fighting
 + Level 4.6 Ranged Weapons
 - Level 1.5 Dodging
 - Level 1.0 Spellcasting
 - Level 2.6 Hexes


You had 4 spell levels left.
You knew the following spells:

 Your Spells              Type           Power      Damage    Failure   Level
a - Slow                  Hex            28%        N/A       10%         1

Your spell library contained the following spells:

 Spells                   Type           Power      Damage    Failure   Level
 Inner Flame              Hex/Fire       4%         N/A       43%         3
 Portal Projectile        Hex/Tloc       8%         N/A       43%         3
 Cause Fear               Hex            3%         N/A       67%         4

Inventory:

Hand Weapons
 Y - a +1 sling (weapon)
Armour
 c - a +0 robe (worn)
 h - a +0 leather armour
 i - a +0 pair of gloves (worn)
Jewellery
 e - a +5 ring of evasion (left hand)
 l - a +6 ring of dexterity
Scrolls
 a - 5 scrolls of identify
Potions
 b - a potion of cancellation
 d - a potion of invisibility {unknown}
 f - 3 potions of curing
 g - a potion of lignification {unknown}
 j - a potion of heal wounds {unknown}
 k - a potion of berserk rage {unknown}
 m - 2 potions of attraction {unknown}

Dungeon Overview and Level Annotations

Branches:
Dungeon (3/15)

Altars:
Ru

Shops:
D:2 !


Message History

The goblin completely misses you. The endoplasm hits you.
A frilled lizard comes into view.
You shoot a sling bullet. The sling bullet misses the goblin.
The goblin hits you but does no damage. The endoplasm hits you.
You shoot a sling bullet.
The sling bullet closely misses the goblin.
The endoplasm hits you but does no damage.
The goblin closely misses you. The endoplasm barely misses you.
The goblin hits you with a +0 dagger.
You shoot a sling bullet.
The sling bullet completely misses the goblin.
The goblin closely misses you.
The endoplasm hits you but does no damage.
You shoot a sling bullet. The sling bullet hits the goblin!
You kill the goblin!
The endoplasm misses you. The ball python closely misses you. x2
You shoot a sling bullet.
The sling bullet closely misses the ball python.
The ball python barely misses you. x2
The endoplasm hits you but does no damage.
You shoot a sling bullet.
The sling bullet barely misses the ball python.
The ball python barely misses you. The ball python grabs you.
The ball python constricts you. The endoplasm freezes you.
You are frozen.
The ball python closely misses you. The ball python constricts you.
You shoot a sling bullet.
The sling bullet barely misses the ball python.
The endoplasm hits you but does no damage.
The ball python closely misses you. The ball python constricts you.
You shoot a sling bullet. The sling bullet hits the ball python.
You kill the ball python!
The endoplasm closely misses you.
You shoot a sling bullet.
The sling bullet hits the sleepcap but does no damage.
The sleepcap is moderately damaged.
The sleepcap barely misses you. The endoplasm misses you.
The endoplasm hits you. The sleepcap releases spores at you.
You die...

.....####.........######....##.#
................### ###..##.#
#.#######.###..##.. ##.#..# #.
#.# #..#..### #...## .. #.#
#.##..#. ##..# ## #.###.#....
#..# #.....#.l. #..# #####.#fJ#
#..# ..#.@# .#..# #..##.##
.##..# #...#..######..#...#
###.##........##.#.#
#.........###..#...
##......###....#####
###........##<# ######..###.#
............#


You could see a sleepcap, an endoplasm and a frilled lizard.

Vanquished Creatures
  4 adders
  A worm (D:3)
  4 dart slugs
  3 bats
  7 endoplasms
  3 giant cockroaches
  7 goblins
  7 hobgoblins
  3 kobolds
  12 ball pythons
  3 frilled lizards (D:1)
  7 rats
61 creatures vanquished.

Notes
Turn   | Place    | Note
-------+----------+-------------------------------------------
     0 | D:1      | qw the Gargoyle Hexslinger began the quest for the Orb.
     0 | D:1      | Reached XP level 1. HP: 12/12 MP: 2/2
     0 | D:1      | 0 ||| qw: Version: 0.3-a-46-gb1f654a
     0 | D:1      | 0 ||| qw: Game counter: 1622
     0 | D:1      | 0 ||| qw: Melee chars always use a shield: true
     0 | D:1      | 0 ||| qw: God list: Okawaru
     0 | D:1      | 0 ||| qw: Allow faded altars: false
     0 | D:1      | 0 ||| qw: Do Orc after clearing Dungeon:15 true
     0 | D:1      | 0 ||| qw: Do second Lair branch before Depths: true
     0 | D:1      | 0 ||| qw: Lair rune preference: random
     0 | D:1      | 0 ||| qw: Goals: Normal
     0 | D:1      | 0 ||| PLANNING D:1-11
   185 | D:1      | 185 ||| FLEEEEING.
   186 | D:1      | 186 ||| FLEEEEING.
   187 | D:1      | 187 ||| FLEEEEING.
   188 | D:1      | 188 ||| FLEEEEING.
   189 | D:1      | 189 ||| FLEEEEING.
   191 | D:1      | 191 ||| FLEEEEING.
   198 | D:1      | Reached XP level 2. HP: 16/16 MP: 3/3
   208 | D:1      | Reached skill level 3 in Ranged Weapons
   395 | D:1      | Reached XP level 3. HP: 20/21 MP: 4/4
   678 | D:1      | 678 ||| UPGRADING to +0 pair of gloves.
   683 | D:1      | 683 ||| UPGRADING to +5 ring of evasion.
   684 | D:1      | 684 ||| READING 5 scrolls labelled JEJUDW MACYTH.
   685 | D:1      | 685 ||| READING scroll labelled CETSURGHUCH.
   688 | D:1      | 688 ||| READING 3 scrolls labelled SAWKAOFUFE.
   689 | D:1      | 689 ||| READING scroll labelled EZERIC FAOKK.
   690 | D:1      | 690 ||| DROPPING scroll of poison.
   691 | D:1      | 691 ||| DROPPING 2 scrolls of vulnerability.
   837 | D:2      | Reached XP level 4. HP: 26/26 MP: 5/5
   915 | D:2      | Reached skill level 4 in Ranged Weapons
   988 | D:2      | Found Kytoitz's Distillery.
  1000 | D:2      | 1000 ||| BUYING potion of curing (42 gold).
  1000 | D:2      | Bought a potion of curing for 42 gold pieces
  1000 | D:2      | 1000 ||| SHOPLISTING potion of enlightenment (70 gold, have
                  | 52).
  1000 | D:2      | 1000 ||| SHOPLISTING potion of haste (140 gold, have 52).
  1210 | D:2      | Found a sacrificial altar of Ru.
  1223 | D:2      | 1223 ||| READING scroll labelled UPNYON OMEXZU.
  1224 | D:2      | 1224 ||| DRINKING 2 fuming clear potions.
  1643 | D:3      | HP: 6/26 [frozen (5)]
  1648 | D:3      | HP: 4/26 [goblin/+0 dagger (1)]
  1655 | D:3      | HP: 1/26 [endoplasm (1)]
  1655 | D:3      | Slain by a sleepcap

Levels and vault maps discovered:
D:1:      matt_arrival_refuge, layout_basic, moated_statue, nrook_campfire
D:2:      layout_basic, basic_altar, serial_shops, shop
D:3:      layout_basic, minmay_randomly_rotated_circles

Skill      XL: |  1  2  3  4 |
---------------+-------------+-----
Ranged Weapons | 3 4 |  4.6
Fighting       | 2 |  2.0
Dodging        | |  1.5
Spellcasting   | |  1.0
Hexes          | |  2.6

Action                     |  1- 3 |  4- 6 || total
---------------------------+-------+-------++-------
   Fire: Sling             |   120 |   114 ||   234
    Use: Scroll            |     4 |     1 ||     5
         Potion            |       |     1 ||     1
 Armour: Robe              |    18 |    30 ||    48
  Dodge: Dodged            |    45 |    77 ||   122

Table legend:
 A = Non-vault XP
 B = Vault XP
 C = Vault XP percentage of total XP
 D = Non-vault monster count
 E = Vault monster count
 F = Vault count percentage of total count
                 A         B        C        D         E       F
            +---------+---------+-------+---------+---------+-------
      Total |     158 |       4 |   2.5 |      59 |       2 |   3.3
            +---------+---------+-------+---------+---------+-------
        D:1 |      54 |       0 |   0.0 |      29 |       0 |   0.0
        D:2 |      54 |       0 |   0.0 |      16 |       0 |   0.0
        D:3 |      50 |       4 |   7.4 |      14 |       2 |  12.5
            +---------+---------+-------+---------+---------+-------
